 Dungeon Crawl Stone Soup version 0.28.0-53-g5a82cb258f (webtiles) character file.

Game seed: 10582906107698641316

38 jjjjhere the Shield-Bearer (level 3, 0/33 HPs)
             Began as a Minotaur Fighter on Aug 20, 2022.
             Was a Believer of Lugonu.
             Slain by Terence
             ... wielding a +0 hand axe
              (1 damage)
             ... on level 1 of the Dungeon.
             The game lasted 00:01:44 (1157 turns).

jjjjhere the Shield-Bearer (Minotaur Fighter)       Turns: 1157, Time: 00:01:44

Health: 0/33       AC:  6    Str: 19 (20) XL:     3   Next: 25%
Magic:  2/2        EV:  9    Int:  4 (5)  God:    Lugonu [**....]
Gold:   18         SH:  4    Dex:  8 (11) Spells: 2/2 levels left

rFire   . . .      SeeInvis .   a - +0 war axe
rCold   . . .      Faith    .   c - +0 buckler
rNeg    . . .      Spirit   .   b - +0 scale mail
rPois   .          Reflect  .   (helmet restricted)
rElec   .          Harm     .   (no cloak)
rCorr   .          Rampage  .   (no gloves)
Will    .....                   (no boots)
Stlth   ..........              (no amulet)
HPRegen 0.11/turn               (no ring)
MPRegen 0.08/turn               (no ring)

@: mighty
A: horns 2, retaliatory headbutt
a: Renounce Religion, Depart the Abyss, Bend Space


You were on level 1 of the Dungeon.
You worshipped Lugonu.
Lugonu was pleased with you.
You visited 1 branch of the dungeon, and saw 2 of its levels.

You collected 18 gold pieces.

Inventory:

Hand Weapons
 a - a +0 war axe (weapon)
Armour
 b - a +0 scale mail (worn)
 c - a +0 buckler (worn)
Scrolls
 e - 2 scrolls of immolation {unknown}
 g - a scroll of holy word {unknown}
 i - a scroll of fog {unknown}
 j - a scroll of blinking {unknown}


   Skills:
 + Level 4.0 Fighting
 * Level 3.6 Axes
 - Level 3.6 Armour
 + Level 4.1 Shields
 + Level 0.0 Invocations


You had 2 spell levels left.
You didn't know any spells.
Your spell library contained the following spells:

 Spells                   Type           Power      Damage    Failure   Level
 Confusing Touch          Hex            0%         N/A       100%        3
 Tukima's Dance           Hex            0%         N/A       100%        3
 Anguish                  Hex/Necr       0%         N/A       100%        4
 Yara's Violent Unravell  Hex/Tmut       0%         3d3       100%        5
 Enfeeble                 Hex            0%         N/A       100%        7


Dungeon Overview and Level Annotations

Branches:
Dungeon (2/15)

Altars:
Lugonu

Shops:
D:1 [

Annotations:
D:1 Terence
D:2 Sigmund


Innate Abilities, Weirdness & Mutations

You have a pair of horns on your head.
You reflexively headbutt those who attack you in melee.


Message History

Terence is moderately wounded.
Terence hits you with a +0 hand axe.
* * * LOW HITPOINT WARNING * * *
You hit Terence but do no damage.
Terence is moderately wounded.
You block Terence's attack.
You hit Terence but do no damage.
Terence is moderately wounded.
Terence closely misses you. You furiously retaliate!
You headbutt Terence, but do no damage. Terence misses you.
You furiously retaliate!
You headbutt Terence, but do no damage. Space bends around you!
You blink.
You aren't carrying any items that you can evoke.
It was a potion of invisibility.
You fade into invisibility!
Terence hits you with a +0 hand axe.
* * * LOW HITPOINT WARNING * * *
You hit Terence but do no damage. You headbutt Terence, but do no damage.
Terence is moderately wounded.
Terence hits you with a +0 hand axe.
* * * LOW HITPOINT WARNING * * *
Terence hits you with a +0 hand axe.
* * * LOW HITPOINT WARNING * * *
Terence says, "Rest in peace."
There is an open door here.
You aren't carrying any items that you can evoke.
It was a potion of cancellation.
Your magical effects are unravelling.
You feel magically purged.
You flicker back into view.
Terence hits you but does no damage.
It was a potion of degeneration.
There was something very wrong with that liquid.
You feel weakened.
You feel dopey.
You feel clumsy. Terence hits you with a +0 hand axe.
* * * LOW HITPOINT WARNING * * *
You feel very mighty all of a sudden. Terence hits you with a +0 hand axe.
You die...

.......##.## #.##...∩.##
..........# #.###.#...#
.......##.# #.# ##.##.#
...######.# #.# ####.### #### #.#
###.### #.... # #.#######
#.....#####.### #
#†##≈≈≈≈###..............
#########.##≈≈≈≈#.......#...#.#..
...........'≈≈≈≈@@.......#.#...#.
#########.##≈≈≈≈##....#...#.....#
#########.##≈≈≈≈###....#..#.....#
..........####### #.#...###.....#
########### #..#..#..#...#.
.....# #...###...#.#..
#..#.###### #..#...#...#...
#.#.......# #.#.....#..#..#
........#.# #........#####.


You could see Terence.

Vanquished Creatures
  3 dart slugs
  2 endoplasms (D:1)
  2 hobgoblins (D:1)
  4 jackals
  2 quokkas (D:2)
  6 ball pythons
  2 bats (D:1)
  A frilled lizard (D:1)
  2 goblins
  2 kobolds (D:1)
  4 rats
30 creatures vanquished.

Notes
Turn   | Place    | Note
-------+----------+-------------------------------------------
     0 | D:1      | jjjjhere the Minotaur Fighter began the quest for the Orb.
     0 | D:1      | Reached XP level 1. HP: 19/19 MP: 0/0
   396 | D:1      | Found Dinyr's Antique Armour Boutique.
   458 | D:1      | Reached XP level 2. HP: 24/27 MP: 1/1
   916 | D:2      | Reached XP level 3. HP: 32/33 MP: 2/2
   926 | D:2      | Found a faded altar of an unknown god.
   934 | D:2      | Prayed at the altar of an unknown god.
   934 | D:2      | Became a worshipper of Lugonu the Unformed
   934 | D:2      | Reached * piety under Lugonu
   934 | D:2      | Reached ** piety under Lugonu
   993 | D:2      | Noticed Sigmund
   998 | D:2      | Noticed Terence
  1128 | D:1      | HP: 9/33 [Terence/+0 hand axe (4)]
  1139 | D:1      | HP: 5/33 [Terence/+0 hand axe (3)]
  1140 | D:1      | HP: 2/33 [Terence/+0 hand axe (2)]
  1156 | D:1      | HP: 1/33 [Terence/+0 hand axe (2)]
  1157 | D:1      | Slain by Terence

Illustrated notes

Levels and vault maps discovered:
D:1:      dpeg_arrival_solitude, layout_loops_ring, serial_rivers,
          chequers_serial_rivers_room_b, chequers_serial_rivers_micro_d,
          chequers_serial_rivers_micro_b, chequers_serial_rivers_micro_c,
          serial_shops, shop, minmay_splitting_lines,
          hangedman_abyss_or_decor_lesser_grid, minmay_pentomino_x4
D:2:      layout_basic, nicolae_ecumenical_snake_handling, grunt_ministairs_5,
          uniq_terence, uniq_sigmund

Skill      XL: |  1  2 |
---------------+-------+-----
Axes           | 3 |  3.6
Shields        | 4 |  4.1
Fighting       | 4 |  4.0
Armour         | |  3.6

Action                   || total
-------------------------++-------
Melee: War axe           ||    59
       Headbutt          ||    10
Invok: Bend Space        ||     1
  Use: Potion            ||     4
Armor: Scale mail        ||    23
Dodge: Dodged            ||    32
Block: Buckler           ||    15
